 Dungeon Crawl Stone Soup version 0.18.1-48-g4cf74bf (webtiles) character file.

7133 deraine the Fighter (level 11, -7/107 HPs)
             Began as a Hill Orc Fighter on Sept 2, 2016.
             Was an Elder of Okawaru.
             Mangled by an eight-headed hydra (15 damage)
             ... on level 1 of the Lair of Beasts on Sept 8, 2016.
             The game lasted 01:11:34 (12380 turns).

deraine the Fighter (Hill Orc Fighter)             Turns: 12380, Time: 01:11:35

Health: -7/107     AC: 15    Str: 23    XL:     11   Next: 10%
Magic:  13/14      EV: 15    Int:  8    God:    Okawaru [****..]
Gold:   582        SH: 12    Dex: 10    Spells: 0 memorised, 10 levels left

rFire  . . .     SeeInvis .     N - +2 mace (protect)
rCold  . . .     Gourm    .     I - +1 leather armour {MR+}
rNeg   . . .     Faith    .     c - +0 shield
rPois  +         Spirit   .     t - +0 helmet
rElec  .         Dismiss  .     e - +2 cloak {rPois}
rCorr  +         Reflect  .     (no gloves)
SustAt .         Harm     .     (no boots)
MR     +....                    (no amulet)
Stlth  +++.......               m - +2 ring of evasion
                                C - ring of resist corrosion

@: heroism, somewhat resistant to hostile enchantments, fairly stealthy
A: no striking features
a: Heroism, Renounce Religion


You were on level 1 of the Lair of Beasts.
You worshipped Okawaru.
Okawaru was greatly pleased with you.
You were hungry.

You visited 3 branches of the dungeon, and saw 10 of its levels.

You collected 582 gold pieces.

Inventory:

Hand Weapons
 d - a +2 quarterstaff of chaos
 G - a +0 mace
 N - a +2 mace of protection (weapon)
 Q - a +0 halberd of freezing
Missiles
 D - 182 stones (quivered)
Armour
 b - a +0 leather armour
 c - a +0 shield (worn)
 e - a +2 cloak of poison resistance (worn)
 t - a +0 helmet (worn)
 v - a +1 robe of the Archmagi
 y - a +0 ring mail
 A - the +2 robe of Plog {Slay+5}
   (You found it on level 4 of the Dungeon)

   It affects your accuracy and damage with ranged weapons and melee attacks
   (+5).
 F - a +0 robe of magic resistance
 I - a +1 leather armour of magic resistance (worn)
Magical Staves
 f - an uncursed staff of energy {unknown}
Jewellery
 m - a +2 ring of evasion (right hand)
 s - an uncursed amulet of faith {unknown}
 B - a +6 ring of intelligence
 C - a ring of resist corrosion (left hand)
 P - a cursed ring of loudness {unknown}
Wands
 T - a wand of confusion (22/48)
Scrolls
 g - 3 scrolls of fear
 j - a scroll of remove curse
 k - 6 scrolls of enchant armour
 n - 3 scrolls of random uselessness
 o - a scroll of fog
 q - 2 scrolls of teleportation
 r - a scroll of recharging {unknown}
 x - 2 scrolls of noise {unknown}
 M - a scroll of brand weapon {unknown}
Potions
 h - 2 potions of lignification
 i - a potion of curing
 l - 2 potions of flight
 u - a potion of degeneration {unknown}
 z - a potion of magic
 E - 4 potions of heal wounds {unknown}
 H - a potion of resistance {unknown}
 J - a potion of might
 L - 2 potions of haste {unknown}
Books
 a - a book of Spatial Translocations

   Spells                             Type                      Level
   a - Apportation                    Translocation                1
   b - Blink                          Translocation                2
   c - Shroud of Golubria             Charms/Translocation         2
   d - Portal Projectile              Translocation                3
   e - Teleport Other                 Translocation                3
   f - Passage of Golubria            Translocation                4
 p - a Fen Folio

   Spells                             Type                      Level
   a - Corpse Rot                     Necromancy                   2
   b - Stone Arrow                    Conjuration/Earth            3
   c - Leda's Liquefaction            Hexes/Earth                  4
   d - Summon Forest                  Summoning/Translocation      5
   e - Hydra Form                     Transmutation                6
   f - Summon Hydra                   Summoning                    7
 R - a book of Debilitation

   Spells                             Type                      Level
   a - Corona                         Hexes                        1
   b - Slow                           Hexes                        2
   c - Gell's Gravitas                Hexes/Translocation          3
   d - Inner Flame                    Hexes/Fire                   3
   e - Cause Fear                     Hexes                        4
   f - Leda's Liquefaction            Hexes/Earth                  4
Comestibles
 K - a slice of pizza
 O - a beef jerky
 S - 2 bread rations


   Skills:
 + Level 13.1(18.1) Fighting
 + Level 12.0(17.0) Maces & Flails
 - Level 4.7(9.7) Armour
 - Level 1.5(6.5) Dodging
 - Level 4.9(9.9) Shields
 + Level 4.2 Invocations


You had 10 spell levels left.
You didn't know any spells.

Dungeon Overview and Level Annotations

Branches:
Dungeon (10/15)            Temple (1/1) D:5            Lair (1/8) D:10
    Orc: D:9-12

Altars:
Ashenzari
Cheibriados
Dithmenos
Elyvilon
Fedhas
Kikubaaqudgha
Makhleb
Nemelex Xobeh
Okawaru
Pakellas
Qazlal
Ru
Sif Muna
Vehumet
Xom
Zin
The Shining One


Message History

You block the eight-headed hydra's attack.
You see here a komodo dragon skeleton.
You feel better. The eight-headed hydra bites you!
* * * LOW HITPOINT WARNING * * *
The eight-headed hydra closely misses you.
The eight-headed hydra bites you but does no damage.
You block the eight-headed hydra's attack. x2
The eight-headed hydra bites you but does no damage.
You block the eight-headed hydra's attack.
The eight-headed hydra bites you but does no damage.
You sock the eight-headed hydra!
The eight-headed hydra is moderately wounded.
You hit the eight-headed hydra.
The eight-headed hydra is moderately wounded.
The eight-headed hydra misses you.
You block the eight-headed hydra's attack.
The eight-headed hydra bites you!
* * * LOW HITPOINT WARNING * * *
The eight-headed hydra bites you!
You die...

##.## ##### #.....#
#...#### #...###....#
#...#..####........<.#
#................#...#
#...................##
.....##....#..........##
###.##P................#
#.###...##.÷÷....#P..#
........###@##...##.##
.........|.D.###.#.#.#
......##..#.######..# #
.....###......# #
.....###........#
.##.###.#........#
.......#....#....#
#.........###
###÷÷......#


You could see an eight-headed hydra.

Vanquished Creatures
  A hill giant (D:10)
  The ghost of RepoMan the Chopper, a novice FoFi of the Shining One (D:4)
  A gargoyle (D:10)
  A spiny frog (Lair:1)
  A komodo dragon (Lair:1)
  3 yaks (Lair:1)
  Sigmund (D:3)
  2 hippogriffs
  A hungry ghost (D:10)
  A porcupine (Lair:1)
  An ice beast (D:7)
  2 sky beasts
  A wasp (D:7)
  2 orc warriors
  6 ogres
  5 wolves (Lair:1)
  A crocodile (Lair:1)
  4 giant frogs
  A scorpion (D:6)
  5 killer bees (D:10)
  5 wights (D:7)
  3 crimson imps
  3 centaur zombies
  A giant frog zombie (D:5)
  6 hounds
  2 jellies (D:10)
  Crazy Yiuf (D:3)
  2 orc priests
  15 orc wizards
  3 iguanas
  Natasha (D:2)
  3 worker ants
  2 hound zombies
  2 worker ant zombies (D:7)
  A hound skeleton (D:7)
  8 gnolls
  9 adders
  A shadow imp (D:10)
  2 oozes
  3 adder zombies
  2 worms
  A dart slug (D:1)
  7 giant geckos
  15 orcs
  2 ball pythons
  6 bats
  6 giant cockroaches
  8 goblins
  7 hobgoblins
  15 jackals
  4 quokkas
  6 giant newts
  A jackal zombie (D:1)
  7 kobolds
  6 rats
207 creatures vanquished.

Notes
Turn   | Place    | Note
--------------------------------------------------------------
     0 | D:1      | deraine the Hill Orc Fighter began the quest for the Orb.
     0 | D:1      | Reached XP level 1. HP: 19/19 MP: 1/1
   209 | D:1      | Reached XP level 2. HP: 26/27 MP: 2/2
   429 | D:1      | Reached skill level 4 in Fighting
   429 | D:1      | Reached XP level 3. HP: 33/33 MP: 3/3
  1242 | D:2      | Found a snail-covered altar of Cheibriados.
  1667 | D:2      | Reached XP level 4. HP: 34/40 MP: 4/4
  2037 | D:2      | Noticed Natasha
  2070 | D:2      | Killed Natasha
  2216 | D:3      | Reached XP level 5. HP: 46/47 MP: 5/5
  2263 | D:3      | Reached skill level 1 in Dodging
  2294 | D:3      | Noticed a hippogriff
  2311 | D:3      | Killed a hippogriff
  2311 | D:3      | Reached XP level 6. HP: 12/53 MP: 6/6
  2697 | D:3      | Noticed Crazy Yiuf
  2705 | D:3      | Killed Crazy Yiuf
  2751 | D:3      | Found a sparkling altar of Nemelex Xobeh.
  2971 | D:3      | Noticed Sigmund
  2992 | D:3      | Killed Sigmund
  2992 | D:3      | Reached skill level 5 in Fighting
  2992 | D:3      | Reached XP level 7. HP: 19/61 MP: 7/7
  3304 | D:4      | Noticed RepoMan's ghost (novice FoFi)
  3753 | D:4      | HP: 3/62 [RepoMan's ghost (12)]
  3756 | D:4      | Killed RepoMan's ghost
  3756 | D:4      | Reached skill level 7 in Fighting
  3756 | D:4      | Reached XP level 8. HP: 4/73 MP: 8/8
  4235 | D:4      | Got a bloodstained robe
  4246 | D:4      | Identified the +2 robe of Plog {Slay+5} (You found it on level 4 of the Dungeon)
  4943 | D:5      | Entered Level 5 of the Dungeon
  5306 | D:5      | Found a shattered altar of Ashenzari.
  5393 | D:5      | Reached skill level 8 in Fighting
  5554 | D:5      | Found a staircase to the Ecumenical Temple.
  5736 | D:5      | Found a shattered altar of Ashenzari.
  6123 | Temple   | Entered the Ecumenical Temple
  6231 | Temple   | Became a worshipper of Warmaster Okawaru
  7389 | D:6      | Reached skill level 9 in Fighting
  7411 | D:6      | Reached XP level 9. HP: 70/83 MP: 9/9
  7908 | D:6      | Reached * piety under Okawaru
  8413 | D:7      | Found a burning altar of Makhleb.
  8566 | D:7      | Reached skill level 10 in Fighting
  8839 | D:7      | Found a glowing golden altar of the Shining One.
  9027 | D:7      | Reached ** piety under Okawaru
  9452 | D:7      | Reached skill level 11 in Fighting
  9472 | D:7      | Reached skill level 10 in Maces & Flails
  9568 | D:7      | Reached XP level 10. HP: 84/96 MP: 10/10
  9643 | D:7      | You fall through a shaft for 3 floors!
  9643 | D:10     | Entered Level 10 of the Dungeon
 10052 | D:10     | Noticed a gargoyle
 10071 | D:10     | Killed a gargoyle
 10713 | D:10     | Found a staircase to the Lair.
 10761 | D:10     | Reached skill level 12 in Fighting
 11012 | D:10     | Reached *** piety under Okawaru
 11092 | D:10     | Noticed a hill giant
 11111 | D:10     | Killed a hill giant
 11582 | Lair:1   | Entered Level 1 of the Lair of Beasts
 11582 | Lair:1   | Noticed a spiny frog
 11595 | Lair:1   | Killed a spiny frog
 11595 | Lair:1   | Reached skill level 1 in Invocations
 12022 | Lair:1   | Reached XP level 11. HP: 94/106 MP: 13/13
 12045 | Lair:1   | Reached skill level 13 in Fighting
 12048 | Lair:1   | Reached **** piety under Okawaru
 12363 | Lair:1   | Noticed an eight-headed hydra
 12380 | Lair:1   | Mangled by an eight-headed hydra

Skill      XL: |  1  2  3  4  5  6  7  8  9 10 11 |
---------------+----------------------------------+-----
Fighting       | 4 5 7 9 11 12 13 | 13.1
Armour         | 4 |  4.7
Shields        | 4 |  4.9
Dodging        | 1 |  1.5
Maces & Flails | 3 4 6 7 10 11 12 | 12.0
Invocations    | 3 4 |  4.2

Action                   |  1- 3 |  4- 6 |  7- 9 | 10-12 || total
-------------------------+-------+-------+-------+-------++-------
Melee: Flail             |   153 |    93 |       |       ||   246
       Morningstar       |       |    49 |   167 |       ||   216
       Mace              |       |       |   303 |   300 ||   603
Invok: Heroism           |       |       |     2 |     4 ||     6
  Use: Scroll            |     2 |       |    11 |       ||    13
       Potion            |       |       |       |     1 ||     1
  Eat: Pizza             |     1 |       |       |     1 ||     2
       Meat ration       |       |     1 |       |     1 ||     2
       Bread ration      |       |       |     5 |       ||     5
       Fruit             |       |       |       |     5 ||     5
       Royal jelly       |       |       |       |     1 ||     1
Armor: Scale mail        |     5 |       |       |       ||     5
       Ring mail         |    55 |    13 |    17 |       ||    85
       Chain mail        |    27 |    78 |       |       ||   105
       Robe              |       |       |    26 |       ||    26
       Leather armour    |       |       |   118 |    90 ||   208
Dodge: Dodged            |    48 |    47 |   154 |   112 ||   361
Block: Shield            |    96 |    97 |   232 |   130 ||   555
